 Dungeon Crawl Stone Soup version 0.19-a0-860-g5c370dd (webtiles) character file.

209 Datman the Cudgeler (level 5, -1/57 HPs)
             Began as an Ogre Berserker on July 2, 2016.
             Was a Believer of Trog.
             Succumbed to an adder's poison
             ... on level 2 of the Dungeon.
             The game lasted 00:13:13 (1254 turns).

Datman the Cudgeler (Ogre Berserker)                Turns: 1254, Time: 00:13:14

Health: -1/57      AC:  3    Str: 23    XL:     5   Next: 87%
Magic:  5/5        EV: 11    Int:  6    God:    Trog [**....]
Gold:   31         SH:  0    Dex:  9    Spells: 0 memorised, 4 levels left

rFire  . . .     SeeInvis .     n - +2 scythe (venom)
rCold  . . .     Gourm    .     b - +0 animal skin
rNeg   . . .     Faith    .     (shield currently unavailable)
rPois  .         Spirit   .     (helmet restricted)
rElec  .         Dismiss  .     (no cloak)
rCorr  .         Reflect  .     (gloves unavailable)
SustAt .         Harm     .     (boots unavailable)
MR     .....                    (no amulet)
Stlth  +.........               (no ring)
                                (no ring)

@: lethally poisoned (-1 -> -13), not resistant to hostile enchantments, very
unstealthy
A: unfitting armour, tough skin 1
a: Berserk, Trog's Hand, Burn Spellbooks, Renounce Religion


You were on level 2 of the Dungeon.
You worshipped Trog.
Trog was pleased with you.
You were not hungry.

You visited 1 branch of the dungeon, and saw 2 of its levels.

You collected 31 gold pieces.

Inventory:

Hand Weapons
 a - a +1 mace
 i - a +0 dagger
 j - a +0 hunting sling
 l - a +0 great sword
 n - a +2 scythe of venom (weapon)
Missiles
 d - 85 stones
 e - 3 javelins (quivered)
Armour
 b - a +0 animal skin (worn)
 f - a +0 naga barding
 o - a +0 robe
Jewellery
 c - an uncursed amulet of faith
Scrolls
 g - a scroll of identify
 k - 2 scrolls of teleportation
 m - a scroll of remove curse
Potions
 h - a potion of curing


   Skills:
 + Level 5.3 Fighting
 + Level 0.1 Long Blades
 + Level 5.4 Maces & Flails
 + Level 4.4 Dodging


You had 4 spell levels left.
You didn't know any spells.

Dungeon Overview and Level Annotations

Branches:
Dungeon (2/15)

Altars:


Innate Abilities, Weirdness & Mutations

You are too large for most types of armour.
You have tough skin. (AC +1)


Message History

* * * LOW HITPOINT WARNING * * *
You are more poisoned.
The adder poisons you!
The giant newt bites you but does no damage.
The adder closely misses you.
The giant newt bites you but does no damage.
The adder bites you.
* * * LOW HITPOINT WARNING * * *
Unknown command.
You closely miss the adder.
The adder is almost dead.
* * * LOW HITPOINT WARNING * * *
You feel very sick.
You kill the adder!
Trog accepts your kill.
The giant newt bites you but does no damage. x2
* * * LOW HITPOINT WARNING * * *
You feel sick. The giant newt barely misses you.
You closely miss the giant newt.
You die...

#### #.... # #..... .#.#
# #.....### #.#.# #
#.......# ..... #
#.....#.##..... #
#.............. #
#...†....). # #..@l......
# #.......... #
......#.##>.... #
#######.# #.#.# # #...#
#.# %# # # #.#.###.# # #
#..>..#.###.#.#
##########...#.#.......#
.†.........#....####.....


You could see a giant newt.

Vanquished Creatures
  Sigmund (D:2)
  An adder (D:2)
  2 dart slugs (D:1)
  3 hobgoblins
  5 jackals
  A ball python (D:1)
  4 bats (D:1)
  A giant newt (D:1)
  7 goblins
  2 kobolds (D:1)
  A rat (D:1)
28 creatures vanquished.

Notes
Turn   | Place    | Note
-------+----------+-------------------------------------------
     0 | D:1      | Datman the Ogre Berserker began the quest for the Orb.
     0 | D:1      | Reached XP level 1. HP: 24/24 MP: 1/1
   141 | D:1      | Reached XP level 2. HP: 32/32 MP: 2/2
   380 | D:1      | Reached ** piety under Trog
   979 | D:2      | Reached XP level 3. HP: 33/39 MP: 3/3
  1170 | D:2      | Noticed Sigmund
  1174 | D:2      | Killed Sigmund
  1174 | D:2      | Reached skill level 5 in Fighting
  1174 | D:2      | Reached skill level 5 in Maces & Flails
  1174 | D:2      | Reached XP level 4. HP: 35/50 MP: 4/4
  1174 | D:2      | Reached XP level 5. HP: 40/57 MP: 5/5
  1252 | D:2      | HP: 1/57 [poisoned by an adder]
  1254 | D:2      | Succumbed to an adder's poison

Vault maps used:
D:1:      minmay_arrival_shattered_statue
D:2:      uniq_sigmund

Skill      XL: |  1  2  3 |
---------------+----------+-----
Dodging        | 3 4 |  4.4
Fighting       | 5 |  5.3
Maces & Flails | 5 |  5.4
Long Blades    | |  0.1

Action                   |  1- 3 |  4- 6 || total
-------------------------+-------+-------++-------
Melee: Mace              |    75 |       ||    75
       Great sword       |    13 |       ||    13
       Scythe            |       |    10 ||    10
  Use: Scroll            |     5 |       ||     5
       Potion            |     1 |       ||     1
  Eat: Bread ration      |     1 |       ||     1
Armor: Animal skin       |    59 |     9 ||    68
Dodge: Dodged            |    93 |    18 ||   111
